 Dungeon Crawl Stone Soup version 0.19-a0-1007-g133f65f (webtiles) character file.

6703 mistymad the Destroyer (level 10, -12/69 HPs)
             Began as a White Draconian Conjurer on July 21, 2016.
             Was a Believer of Vehumet.
             Mangled by a hill giant
             ... wielding a +0 giant club
              (30 damage)
             ... on level 10 of the Dungeon.
             The game lasted 00:39:59 (12021 turns).

mistymad the Destroyer (White Draconian Conjurer)  Turns: 12021, Time: 00:40:00

Health: -12/69     AC: 11    Str: 11    XL:     10   Next: 74%
Magic:  1/24       EV:  6    Int: 19    God:    Vehumet [**....]
Gold:   273        SH:  0    Dex: 11    Spells: 4 memorised, 18 levels left

rFire  . . .     SeeInvis .     j - +2 short sword (venom)
rCold  + . .     Gourm    .     (armour unavailable)
rNeg   + + .     Faith    .     (no shield)
rPois  .         Spirit   .     G - +2 hat
rElec  .         Dismiss  .     (no cloak)
rCorr  .         Reflect  .     y - +1 pair of gloves
SustAt .         Harm     .     (no boots)
MR     .....                    (no amulet)
Stlth  ++........               p - ring of positive energy
                                d - ring of positive energy

@: held, not resistant to hostile enchantments, unstealthy
A: breathe frost, unfitting armour, cold resistance 1, cold-blooded, AC +7
a: Breathe Frost, Renounce Religion


You were on level 10 of the Dungeon.
You worshipped Vehumet.
Vehumet was pleased with you.
You were very hungry.

You visited 2 branches of the dungeon, and saw 11 of its levels.

You collected 465 gold pieces.
You spent 192 gold pieces at shops.

Inventory:

Hand Weapons
 j - a +2 short sword of venom (weapon)
 N - a +2 dagger of protection
Armour
 y - a +1 pair of gloves (worn)
 G - a +2 hat (worn)
Magical Staves
 D - an uncursed staff of energy
Jewellery
 d - a ring of positive energy (left hand)
 p - a ring of positive energy (right hand)
 M - an uncursed ring of fire {unknown}
 O - an uncursed ring of flight
Wands
 g - a wand of random effects (15/48)
 K - a wand of iceblast (10/15)
 L - a wand of flame (19/48)
Scrolls
 e - 2 scrolls of fear {unknown}
 h - 6 scrolls of identify {unknown}
 l - 2 scrolls of amnesia {unknown}
 m - 5 scrolls of teleportation {unknown}
 n - 2 scrolls of fog {unknown}
 s - 2 scrolls of immolation {unknown}
 u - 4 scrolls of remove curse
 x - 2 scrolls of enchant armour {unknown}
 E - 2 scrolls of noise {unknown}
 J - 2 scrolls of enchant weapon {unknown}
 P - a scroll of vulnerability {unknown}
 Q - a scroll of brand weapon {unknown}
 R - a scroll of summoning {unknown}
 S - a scroll of blinking {unknown}
 U - a scroll of random uselessness {unknown}
Potions
 i - a potion of agility {unknown}
 k - 2 potions of magic {unknown}
 o - 4 potions of curing {unknown}
 q - 2 potions of might {unknown}
 r - a potion of beneficial mutation {unknown}
 v - a potion of haste
 w - 2 potions of degeneration {unknown}
 z - a potion of ambrosia {unknown}
 A - 2 potions of cure mutation {unknown}
 B - a potion of resistance {unknown}
 C - 2 potions of heal wounds {unknown}
 H - 2 potions of lignification {unknown}
 I - 2 potions of cancellation {unknown}
Books
 a - a book of Conjurations

   Spells                             Type                      Level
   a - Magic Dart                     Conjuration                  1
   b - Searing Ray                    Conjuration                  2
   c - Dazzling Spray                 Conjuration/Hexes            3
   d - Fulminant Prism                Conjuration/Hexes            4
   e - Iskenderun's Mystic Blast      Conjuration                  4
   f - Iskenderun's Battlesphere      Conjuration/Charms           5
 F - a book of Alchemy

   Spells                             Type                      Level
   a - Sublimation of Blood           Necromancy                   2
   b - Ignite Poison                  Fire/Transmutation/Poison    3
   c - Petrify                        Transmutation/Earth          4
   d - Alistair's Intoxication        Transmutation/Poison         5
   e - Irradiate                      Conjuration/Transmutation    5
 T - a book of the Warp

   Spells                             Type                      Level
   a - Recall                         Summoning/Translocation      3
   b - Gell's Gravitas                Hexes/Translocation          3
   c - Force Lance                    Conjuration/Translocation    4
   d - Warp Weapon                    Charms/Translocation         5
   e - Summon Forest                  Summoning/Translocation      5
Comestibles
 b - 8 bread rations
 c - 7 meat rations
 f - 2 beef jerkies
 t - 2 royal jellies


   Skills:
 - Level 2.4 Dodging
 - Level 1.7 Stealth
 + Level 10.8 Spellcasting
 + Level 12.0 Conjurations


You had 18 spell levels left.
You knew the following spells:

 Your Spells              Type           Power        Failure   Level  Hunger
a - Magic Dart            Conj           ####         1%          1    None
b - Searing Ray           Conj           ######       1%          2    None
c - Iskenderun's Mystic   Conj           ######..     1%          4    ##.....
d - Iskenderun's Battles  Conj/Chrm      ####....     17%         5    ####...


Dungeon Overview and Level Annotations

Branches:
Dungeon (10/15)            Temple (1/1) D:7
   Lair: D:8-11         Orc: D:9-12

Altars:
Ashenzari
Cheibriados
Dithmenos
Elyvilon
Fedhas
Gozag
Hepliaklqana
Kikubaaqudgha
Makhleb
Nemelex Xobeh
Okawaru
Pakellas
Qazlal
Ru
Sif Muna
Trog
Uskayaw
Vehumet
Xom
Yredelemnul
Zin
The Shining One

Shops:
D:6 [   D:9 *

Annotations:
D:6 Grinder


Innate Abilities, Weirdness & Mutations

You can breathe waves of freezing cold.
You can buffet flying creatures when you breathe cold.
Your icy white scales are hard. (AC +7)
Your body does not fit into most forms of armour.
Your flesh is cold resistant. (rC+)
You are cold-blooded and may be slowed by cold attacks.


Message History

You struggle against the net.
The hill giant hits you with a giant club.
You take 5 damage, and have 45/69 hp.
Unknown command.
You struggle against the net.
The hill giant hits you with a giant club!!
* * * LOW HITPOINT WARNING * * *
You take 28 damage, and have 17/69 hp.
MASSIVE DAMAGE!!
Unknown command.
You struggle against the net.
Unknown command.
Casting: Iskenderun's Mystic Blast
Confirm with . or Enter, or press ? or * to list all spells.
Aiming: Searing Ray
Press: ? - help, Shift-Dir - straight line, f/p - hill giant
Aim: a hill giant, wielding a giant club (almost dead)
The searing ray hits the hill giant.
The hill giant is almost dead.
The hill giant hits you with a giant club!!
You die...

#.##...#
#.....'....(#
#.##...#
#.....#.....#
#.##...#
#.....#.....#
+.(....#
#.....#.....#
#......####
#...###.....#
.o##+##.....##...#
....### ....
#...#....#.....#
...... #..C#....#
##.# o##...
#...@....# #...
#...#(...# #.
+.....#....#
#.....#....'..
#.....+....#..
#...$.######...
#.##.. .. #. #..


You could see a hill giant.

Vanquished Creatures
  Urug (D:10)
  A hill giant (D:9)
  2 wyverns
  A spriggan (D:7)
  A hippogriff (D:7)
  2 hungry ghosts
  A steam dragon (D:9)
  Menkaure (D:7)
  Duvessa (D:6)
  3 phantoms
  2 ice beasts
  3 ogres
  An eye of draining (D:8)
  A wasp (D:8)
  7 centaurs
  7 giant frogs
  A gnoll sergeant (D:8)
  Dowan (D:6)
  6 scorpions
  A wyvern skeleton (D:8)
  6 killer bees
  A howler monkey (D:6)
  4 wights (D:8)
  4 crimson imps
  A giant frog zombie (D:9)
  7 hounds
  7 orc wizards
  A centaur zombie (D:6)
  4 jellies
  4 orc priests
  2 giant frog skeletons
  An iguana (D:7)
  12 worker ants
  A hound zombie (D:8)
  A worker ant zombie (D:8)
  10 gnolls
  17 adders
  A shadow imp (D:6)
  2 adder skeletons
  An adder zombie (D:4)
  A worm (D:4)
  2 dart slugs
  9 giant geckos
  23 orcs
  3 ball pythons
  3 giant cockroaches
  10 goblins
  8 hobgoblins
  11 jackals
  6 quokkas
  5 bats
  2 giant gecko skeletons
  2 giant gecko zombies (D:5)
  3 giant newts
  11 kobolds
  12 rats
242 creatures vanquished.

Notes
Turn   | Place    | Note
-------+----------+-------------------------------------------
     0 | D:1      | mistymad the Draconian Conjurer began the quest for the Orb.
     0 | D:1      | Reached XP level 1. HP: 14/14 MP: 3/3
   228 | D:1      | Reached XP level 2. HP: 14/20 MP: 0/5
  1012 | D:2      | Learned a level 2 spell: Searing Ray
  1041 | D:2      | Reached XP level 3. HP: 26/26 MP: 0/6
  1594 | D:2      | Reached XP level 4. HP: 26/33 MP: 2/8
  2207 | D:3      | Reached skill level 5 in Conjurations
  2207 | D:3      | Reached XP level 5. HP: 36/38 MP: 1/10
  2971 | D:4      | Reached XP level 6. HP: 4/45 MP: 3/12
  3249 | D:4      | Learned a level 4 spell: Iskenderun's Mystic Blast
  3293 | D:4      | Found a snail-covered altar of Cheibriados.
  3412 | D:4      | Found a burning altar of Makhleb.
  3672 | D:4      | Reached skill level 6 in Conjurations
  4044 | D:4      | Reached skill level 5 in Spellcasting
  4044 | D:4      | Your scales start taking on an icy white colour.
  4044 | D:4      | Reached XP level 7. HP: 30/50 MP: 0/14
  4044 | D:4      | Gained mutation: Your flesh is cold resistant. (rC+) [White Draconian growth]
  4299 | D:5      | Entered Level 5 of the Dungeon
  4573 | D:5      | Found a deep blue altar of Sif Muna.
  4573 | D:5      | Found a stormy altar of Qazlal.
  4702 | D:5      | Reached skill level 7 in Conjurations
  4800 | D:5      | Found a shattered altar of Ashenzari.
  5159 | D:5      | Reached XP level 8. HP: 56/57 MP: 17/17
  5476 | D:6      | Reached skill level 8 in Conjurations
  5484 | D:6      | Noticed Duvessa
  5490 | D:6      | Noticed Dowan
  5647 | D:6      | Killed Duvessa
  5832 | D:6      | Killed Dowan
  5951 | D:6      | Learned a level 5 spell: Iskenderun's Battlesphere
  6138 | D:6      | Found Souxosk's Armour Boutique.
  6146 | D:6      | Bought a +2 hat for 192 gold pieces
  6239 | D:6      | Found a sacrificial altar of Ru.
  6256 | D:6      | Reached skill level 9 in Conjurations
  6349 | D:6      | Noticed Grinder
  6418 | D:7      | Noticed Menkaure
  6427 | D:7      | Killed Menkaure
  6427 | D:7      | Reached XP level 9. HP: 62/62 MP: 7/20
  6558 | D:7      | Found a staircase to the Ecumenical Temple.
  6607 | D:7      | Found a glowing silver altar of Zin.
  6655 | Temple   | Entered the Ecumenical Temple
  6801 | Temple   | Became a worshipper of Vehumet
  7480 | D:7      | Reached skill level 10 in Conjurations
  8341 | D:8      | Reached * piety under Vehumet
  8341 | D:8      | Offered knowledge of Freeze by Vehumet.
  8658 | D:7      | Reached XP level 10. HP: 60/69 MP: 13/23
  9400 | D:8      | Reached skill level 11 in Conjurations
  9716 | D:8      | Reached skill level 10 in Spellcasting
  9975 | D:8      | Reached ** piety under Vehumet
  9978 | D:8      | Offered knowledge of Shock by Vehumet.
 10399 | D:9      | Found Woleicapp's Assorted Antiques.
 11650 | D:9      | Noticed a hill giant
 11659 | D:9      | Killed a hill giant
 11788 | D:10     | Entered Level 10 of the Dungeon
 11823 | D:10     | Noticed Urug
 11869 | D:10     | Killed Urug
 11869 | D:10     | Reached skill level 12 in Conjurations
 11999 | D:10     | Noticed a hill giant
 12021 | D:10     | Mangled by a hill giant

Vault maps used:
D:1:      lightli_arrival_statue_moat
D:2:      first_bread
D:4:      makhleb_grotto_becter, kennysheep_slug_shrine
D:5:      nicolae_ashenzari_panopticon, gammafunk_temple_overflow_elements,
          minmay_misc_feat_diagonals
D:6:      serial_shops, shop, nicolae_ru_sacrificial_ziggurat, uniq_grinder,
          uniq_duvessa
D:7:      zin_scriptorium, the_bakery, uniq_menkaure
D:8:      kennysheep_six_static_rooms, st_stairs_12, nrook_loot_triangle
D:9:      serial_shops, nicolae_shop_stone
D:10:     uniq_urug, uniq_fannar
Temple:   eino_temple_scatter_basement

Skill      XL: |  1  2  3  4  5  6  7  8  9 10 |
---------------+-------------------------------+-----
Dodging        | 2 |  2.4
Spellcasting   | 3 4 5 6 7 9 10 | 10.8
Conjurations   | 5 6 7 9 10 12 | 12.0
Stealth        | |  1.7

Action                   |  1- 3 |  4- 6 |  7- 9 | 10-12 || total
-------------------------+-------+-------+-------+-------++-------
Melee: Short sword       |    21 |    83 |   172 |    56 ||   332
       Tailslap          |     2 |     9 |    18 |    10 ||    39
       Dagger            |       |       |    48 |    25 ||    73
 Cast: Magic Dart        |    64 |    44 |     3 |     2 ||   113
       Searing Ray       |     2 |     9 |     7 |     3 ||    21
       Iskenderun's Myst |       |     7 |    82 |    97 ||   186
 Abil: Breathe Frost     |       |       |    12 |     1 ||    13
Evoke: Staff of energy   |       |       |     1 |       ||     1
  Use: Scroll            |     1 |       |       |       ||     1
 Stab: Sleeping          |     2 |       |     5 |     1 ||     8
       Distracted        |       |     1 |       |       ||     1
  Eat: Chunk             |     3 |     8 |    27 |    15 ||    53
       Fruit             |       |     2 |       |       ||     2
Armor: Skin              |    15 |    36 |   117 |    55 ||   223
Dodge: Dodged            |    20 |    74 |   163 |    85 ||   342
